 Dungeon Crawl Stone Soup version 0.31-a0-691-g409c26aa35 (webtiles) character file.

Game seed: 4842628346705895767

102 Xavori the Cutter (level 4, -12/32 HPs)
             Began as an Octopode Chaos Knight on Sept 7, 2023.
             Was a Plaything of Xom.
             Mangled by an orc
             ... wielding a +2 flail of protection
              (18 damage)
             ... on level 3 of the Dungeon.
             The game lasted 00:02:00 (10639 turns).

Xavori the Cutter (Octopode Chaos Knight)          Turns: 10639, Time: 00:02:00

Health: -12/32     AC:  1    Str: 11    XL:     4   Next: 78%
Magic:  4/4        EV: 13    Int: 14    God:    Xom [......]
Gold:   108        SH:  0    Dex: 13    Spells: 3/3 levels left

rFire   . . .        a - +0 short sword (chaos)
rCold   . . .        (no shield)
rNeg    . . .        (helmet restricted)
rPois   .            (no amulet)
rElec   .            (no ring)
rCorr   .            (no ring)
SInv    .            (no ring)
Will    .....        (no ring)
Stlth   +++          (no ring)
HPRegen 0.25/turn    (no ring)
MPRegen 0.09/turn    (no ring)
                     (no ring)

%: no passive effects
@: no status effects
A: almost no armour, amphibious, 8 rings, camouflage 1, gelatinous body 1,
(nimble swimmer 1), tentacles, deterioration 1
a: Renounce Religion


You were on level 3 of the Dungeon.
You worshipped Xom.
You were a very special plaything of Xom.
You visited 1 branch of the dungeon, and saw 3 of its levels.

You collected 108 gold pieces.

Inventory:

Hand Weapons
 a - a +0 short sword of chaos (weapon)
Scrolls
 b - a scroll of butterflies
 e - a scroll of identify {unknown}
 f - a scroll of torment {unknown}
 h - a scroll of poison {unknown}
 k - a scroll of fear {unknown}
Potions
 c - a potion of enlightenment {unknown}
 d - 4 potions of curing {unknown}
 g - 2 potions of berserk rage {unknown}
 i - a potion of heal wounds {unknown}
 j - a potion of degeneration {unknown}


   Skills:
 + Level 3.6 Fighting
 + Level 3.8 Short Blades
 + Level 2.6 Dodging
 + Level 3.6 Stealth


You had 3 spell levels left.
You didn't know any spells.
Your spell library contained the following spells:

 Spells                   Type           Power      Damage    Failure   Level
 Sublimation of Blood     Necr           0%         N/A       41%         2
 Mephitic Cloud           Conj/Pois/Air  0%         N/A       65%         3
 Plasma Beam              Fire/Air       0%         2x1d10    100%        6
 Death's Door             Necr           0%         N/A       100%        9


Dungeon Overview and Level Annotations

Branches:
Dungeon (3/15)

Altars:


Innate Abilities, Weirdness & Mutations

You cannot wear most types of armour.
You are amphibious.
You can wear up to eight rings at the same time.
Your skin changes colour to match your surroundings (Stealth+).
Your rubbery body absorbs attacks. (AC +1, EV +1)
((You are camouflaged when in or above water. (Stealth+)))
You have tentacles for arms and can constrict up to eight enemies at once.
Your body sometimes deteriorates upon taking damage.


Message History

You feel sick.
You feel sick.
You feel sick.
You feel sick.
You are no longer poisoned.
The adder bites you.
* * * LOW HITPOINT WARNING * * *
You hit the adder. You grab the adder.
You squeeze the adder, but do no damage.
The adder is moderately wounded.
You constrict the adder. The adder closely misses you.
You barely miss the adder. You squeeze the adder.
The adder is almost dead.
You constrict the adder.
You kill the adder!
The orc returns to its original shape as it dies.
The orc attacks as it pursues you! The orc hits you with a +0 mace.
* * * LOW HITPOINT WARNING * * *
The orc attacks as it pursues you! The orc closely misses you.
The orc attacks as it pursues you! The orc hits you with a +0 mace.
* * * LOW HITPOINT WARNING * * *
You hit the orc.
The orc seems to grow stronger.
Xom thinks this is hilarious!
You grab the orc.
The orc is lightly wounded.
You constrict the orc. The orc barely misses you.
You hit the orc.
You kill the orc!
You hit the orc but do no damage.
The orc seems to grow stronger.
You grab the orc.
You constrict the orc, but do no damage.
The orc barely misses you.
You hit the orc but do no damage.
The orc resists with some effort.
You constrict the orc, but do no damage.
You completely miss the orc.
You constrict the orc, but do no damage.
The orc hits you with a +2 flail of protection!!
Ouch! That really hurt!
You die...
Xom bursts into laughter!

# ## .## #.## ##.## #...#
######## #...# #.. ..#
#...# #.# #.# <..#
.#.########.####@# ...#
##............##o# ...#
#######.......##.# #...#
#.##.[.....# #...#
##.##.##o#### #...#
#.>.....†######...#####
#..#.##[...............
........>...o.oo.........
..#.##..#................


You could see an orc (strong).

Vanquished Creatures
  An orc wizard (D:3)
  3 adders
  2 dart slugs
  An orc (D:3)
  3 endoplasms (D:1)
  2 giant cockroaches (D:1)
  2 goblins (D:1)
  7 hobgoblins
  7 jackals (D:1)
  A ball python (D:1)
  A bat (D:1)
  4 frilled lizards (D:1)
  7 kobolds
  3 rats
44 creatures vanquished.

Notes
Turn   | Place    | Note
-------+----------+-------------------------------------------
     0 | D:1      | Xavori the Octopode Chaos Knight began the quest for the
                  | Orb.
     0 | D:1      | Reached XP level 1. HP: 16/16 MP: 1/1
   216 | D:1      | Reached XP level 2. HP: 7/21 MP: 2/2
   524 | D:1      | XOM: divination: detect creatures
   531 | D:1      | Reached skill level 1 in Stealth
   534 | D:1      | Reached XP level 3. HP: 26/26 MP: 3/3
  1089 | D:1      | XOM: divination: magic mapping
  1639 | D:1      | XOM: cloud trail
  2016 | D:1      | XOM: cloud trail
  2816 | D:1      | XOM: 1-stop teleportation journey
  3573 | D:1      | XOM is BORED!
  4429 | D:1      | XOM: god gift: ivory sling {god gift}
  4429 | D:1      | Identified the +1 sling "Xiobak" {chaos, Str+2} (Xom gifted
                  | it to you on level 1 of the Dungeon)
  4664 | D:1      | XOM: cloud trail
  4895 | D:1      | XOM: divination: detect creatures
  5086 | D:1      | XOM: divination: magic mapping
  5411 | D:1      | XOM: silly message
  5613 | D:1      | XOM: divination: detect creatures
  5860 | D:1      | XOM: god gift: scale mail {god gift}
  7841 | D:1      | XOM is BORED!
  7841 | D:1      | XOM: silly message
  7888 | D:1      | XOM: god gift: leather armour {god gift}
  8375 | D:1      | XOM: summons 3 hostile shadow creatures
  9128 | D:1      | XOM: give mutation
  9128 | D:1      | Gained mutation: Your body sometimes deteriorates upon
                  | taking damage. [Xom's mischief]
  9808 | D:2      | XOM is BORED!
  9808 | D:2      | XOM: 3-stop teleportation journey
  9810 | D:2      | Found a faded altar of an unknown god.
  9975 | D:2      | XOM: torment (14/26 hp)
 10027 | D:2      | Identified the staff of Disarray {rElec rPois Str+6 Int+4
                  | Stlth+ Poison}
 10175 | D:2      | Got Yrrig's Folio of Necrotic Air
 10568 | D:3      | Reached XP level 4. HP: 31/31 MP: 4/4
 10611 | D:3      | XOM: polymorph orc -> adder
 10639 | D:3      | Mangled by an orc

Illustrated notes

Levels and vault maps discovered:
D:1:      dpeg_arrival_radiant, layout_loops_ring
D:2:      layout_basic, basic_ecumenical_altar, chequers_jeans,
          serial_bayou_pond_e
D:3:      layout_loops_cross, nicolae_overflow_crystal_walls

Skill      XL: |  1  2  3  4 |
---------------+-------------+-----
Stealth        | 1 2 3 |  3.6
Fighting       | |  3.6
Short Blades   | |  3.8
Dodging        | |  2.6

Action                     |  1- 3 |  4- 6 || total
---------------------------+-------+-------++-------
  Melee: Short sword       |    74 |    12 ||    86
         Tentacles         |    16 |     4 ||    20
         Constrict         |    20 |     5 ||    25
         Punch             |     2 |       ||     2
   Stab: Sleeping          |    12 |     1 ||    13
 Armour: Skin              |    31 |    10 ||    41
  Dodge: Dodged            |    44 |     6 ||    50

Table legend: (Time is in decaauts)
 A = Elapsed time spent in this place.
 B = Non-inter-level travel time spent in this place.
 C = Inter-level travel time spent in this place.
 D = Time resting spent in this place.
 E = Time spent auto-exploring this place.
 F = Levels seen in this place.
 G = Mean time per level.
                   A        B        C        D        E       F      G
               +--------+--------+--------+--------+--------+-----+--------+
         Total |  10625 |  10546 |     79 |   9045 |   1241 |   3 | 3541.7 |
       Dungeon |  10625 |  10546 |     79 |   9045 |   1241 |   3 | 3541.7 |
               +--------+--------+--------+--------+--------+-----+--------+

Top non-repeatable levels by time:
     D:1: 9564 daAuts
     D:2: 980 daAuts
     D:3: 79 daAuts
